Monarchs vs River Rats
Created - 23 janvier 2015 at 19:40
Goals
|
| Monarchs |
2 |
3 |
2 |
7 |
| River Rats |
1 |
0 |
2 |
3 |
|
Shots
|
| Monarchs |
9 |
15 |
11 |
35 |
| River Rats |
11 |
6 |
12 |
29 |
|
1st period
1. Monarchs , James Van Riemsdyk 11 (Keith Ballard) at 0:49
2. River Rats , Martin Grenier 9 (Michael Del Zotto) at 10:57
3. Monarchs , Brock Trotter 17 (Shawn Belle) at 13:12
Penalties :
Martin Grenier (Alb) for Holding (Minor) at 19:16
2nd period
4. Monarchs , Brian Gionta 34 (Jordan Nolan) at 2:06 (PP)
5. Monarchs , Richard Park 13 (James Van Riemsdyk, Jarret Stoll) at 16:11
6. Monarchs , Brian Gionta 35 (Peter Schaefer, John Moore) at 17:53 (PP)
Penalties :
Kellan Lain (Alb) for Cross-checking (Minor) at 2:03, J.T. Brown (Alb) for Holding (Minor) at 4:46, Martin Grenier (Alb) for Hooking (Minor) at 16:14, Tyler Bozak (Alb) for Fighting (Major) at 17:56, Frederic St-Denis (MAN) for Fighting (Major) at 17:56, John Moore (MAN) for Interference (Minor) at 19:17
3rd period
7. River Rats , J.T. Brown 6 (Jamie Arniel, Michael Del Zotto) at 12:01
8. Monarchs , Dwight King 8 (Richard Park, Dana Tyrell) at 14:40
9. Monarchs , Brian Gionta 36 (Peter Schaefer, Ryan Ellis) at 17:31 (PP)
10. River Rats , Peter Mueller 18 (Martin Grenier, Michael Del Zotto) at 18:42
Penalties :
Pierre-Cédric Labrie (Alb) for Fighting (Major) at 2:25, Shawn Belle (MAN) for Fighting (Major) at 2:25, Justin Schultz (Alb) for Fighting (Major) at 4:03, Dwight King (MAN) for Fighting (Major) at 4:03, John Moore (MAN) for Hooking (Minor) at 9:20, Pavel Valentenko (Alb) for Hooking (Minor) at 12:11, Matt Jones (Alb) for Tripping (Minor) at 17:17, Peter Schaefer (MAN) for Slashing (Minor) at 19:18
Goalie Stats
Jonas Gustavsson (MAN), 26 saves from 29 shots - (0,897), W, 10-6-3, 60:00 minutes
Allen York (Alb), 9 saves from 11 shots - (0,818), 22:07 minutes
Braden Holtby (Alb), 19 saves from 24 shots - (0,792), L, 13-15-2, 37:53 minutes
Players Stats for Monarchs
Player Name G A P +/- PIM S H SB GA TA FO MP PP MP PK MP
------------------------------------------------------------------------------------
Brian Gionta 3 0 3 -1 0 7 3 3 2 0 2/6 24:15 4:41 3:06
Brock Trotter 1 0 1 1 0 1 0 2 0 0 0/0 12:09 0:00 1:10
Cody Eakin 0 0 0 1 0 0 1 0 0 0 2/6 11:22 0:05 0:01
Dana Tyrell 0 1 1 0 0 0 0 0 1 1 1/4 7:38 0:00 0:00
David Clarkson 0 0 0 1 0 4 1 0 0 0 0/0 11:48 0:05 0:00
Dmitri Orlov 0 0 0 0 0 0 0 0 0 0 0/0 4:23 0:00 0:38
Dwight King 1 0 1 0 5 2 1 0 0 0 0/0 6:54 0:00 0:00
Frederic St-Denis 0 0 0 2 5 0 1 2 0 2 0/0 10:34 0:00 0:53
James Van Riemsdyk 1 1 2 1 0 1 2 0 1 0 1/1 15:52 3:07 0:47
Jarret Stoll 0 1 1 1 0 1 0 1 0 0 4/8 16:07 3:07 0:54
John Moore 0 1 1 -3 4 1 0 1 0 0 0/0 18:40 3:14 0:00
Jordan Nolan 0 1 1 -1 0 2 0 0 0 0 20/34 22:11 4:41 0:54
Keith Ballard 0 1 1 1 0 3 0 1 0 0 0/0 27:37 3:14 3:18
Matt Irwin 0 0 0 -2 0 3 0 5 0 0 0/0 20:26 4:39 0:00
Matt Martin 0 0 0 -1 0 0 2 0 0 0 2/2 10:40 3:07 0:00
Peter Schaefer 0 2 2 -1 2 1 0 0 0 1 0/1 23:34 4:41 2:26
Richard Park 1 1 2 2 0 5 0 1 0 0 0/1 12:41 0:05 0:00
Ryan Ellis 0 1 1 2 0 4 2 0 0 1 0/0 24:38 4:39 1:21
Shawn Belle 0 1 1 2 5 0 2 2 0 0 0/0 13:46 0:00 3:08
Players Stats for River Rats
Player Name G A P +/- PIM S H SB GA TA FO MP PP MP PK MP
------------------------------------------------------------------------------------
Andrej Meszaros 0 0 0 -2 0 2 0 0 0 2 0/0 28:03 1:58 3:55
Brett Maclean 0 0 0 0 0 5 1 0 1 0 2/3 19:58 2:27 0:00
Bryan Rodney 0 0 0 -2 0 0 0 1 0 0 0/0 4:01 0:00 0:00
Chris Mcallister 0 0 0 -1 0 2 2 0 0 0 0/0 19:00 2:12 4:44
J.T. Brown 1 0 1 1 2 1 1 0 0 0 0/0 8:01 0:00 0:00
Jamie Arniel 0 1 1 1 0 0 0 0 0 1 3/10 13:06 0:00 4:28
Justin Schultz 0 0 0 1 5 0 2 0 0 0 0/0 23:18 2:41 3:58
Kellan Lain 0 0 0 -1 2 1 3 1 0 0 2/7 12:02 0:11 1:24
Martin Grenier 1 1 2 0 4 1 4 1 0 0 0/0 17:14 0:00 2:20
Matt Jones 0 0 0 0 2 0 1 0 1 0 0/0 15:20 1:58 3:58
Michael Del Zotto 0 3 3 1 0 3 0 0 1 0 0/0 19:22 2:41 0:00
Pavel Valentenko 0 0 0 0 2 0 2 0 0 0 0/0 12:46 0:00 1:35
Peter Mueller 1 0 1 -1 0 4 0 1 0 0 8/16 14:16 2:12 0:00
Petr Sykora 0 0 0 0 0 3 2 0 0 1 0/1 19:58 2:27 0:00
Pierre-Cédric Labrie 0 0 0 -1 5 1 3 3 0 0 4/4 12:51 0:58 2:01
Steve Quailer 0 0 0 -1 0 0 1 0 0 0 0/0 14:16 2:12 0:00
Taylor Beck 0 0 0 1 0 0 0 0 0 0 0/0 8:53 0:00 1:08
Tomas Kubalik 0 0 0 -1 0 1 0 2 1 0 0/0 9:42 0:00 0:00
Tyler Bozak 0 0 0 0 5 5 4 0 1 0 12/22 19:51 1:18 2:01
3 Stars
1 - Brian Gionta (MAN)
2 - Richard Park (MAN)
3 - James Van Riemsdyk (MAN)
Power Play
Monarchs - 3 on 6 Attempt(s) - 50,00%
River Rats - 0 on 3 Attempt(s) - 0,00%
Penalty Kill
Monarchs - 3 on 3 Attempt(s) - 100,00%
- Score 0 goal in Penalty Kill
River Rats - 3 on 6 Attempt(s) - 50,00%
- Score 0 goal in Penalty Kill
Team Stat
Monarchs - Hits : 15 - Faceoff Wins : 32 - Blocked Shots : 18 - Penalty Minutes : 21
River Rats - Hits : 26 - Faceoff Wins : 31 - Blocked Shots : 9 - Penalty Minutes : 27
Official
Referees : Pochmara Brian and Auger Stephane
Linesman : Tony Sericolo and Lonnie Cameron
Game Notes
Allen York enters game at 17:53 of 2nd period
Tyler Bozak and Frederic St-Denis fight to a draw at 17:56 of 2nd period
Pierre-Cédric Labrie and Shawn Belle fight to a draw at 2:25 of 3rd period
Justin Schultz and Dwight King fight to a draw at 4:03 of 3rd period
Brian Gionta has scored a Hat Trick!
Finance
Level 1 -- Attendance: 1572 (78,60%) -- Ticket Income 55 020 $
Level 2 -- Attendance: 729 (72,90%) -- Ticket Income 10 935 $
Total Attendance: 2301 (76,70%)
Total Ticket Income: 65 955 $
Other Income: 3 298 $
Total Income: 69 253 $
Monarchs
5 vs 5 Forward
Center Left Wing Right Wing Time % Phy DF OF
1 Jordan Nolan Peter Schaefer Brian Gionta 40 1 2 2
2 Jarret Stoll James Van Riemsdyk Richard Park 30 1 2 2
3 Cody Eakin Brock Trotter David Clarkson 20 1 2 2
4 Dana Tyrell Matt Martin Dwight King 10 1 2 2
5 vs 5 Defense
Defense Defense Time % Phy DF OF
1 Keith Ballard Ryan Ellis 40 1 2 2
2 Matt Irwin John Moore 30 1 2 2
3 Shawn Belle Frederic St-Denis 20 1 2 2
4 Keith Ballard Dmitri Orlov 10 1 2 2
PowerPlay Forward
Center Left Wing Right Wing Time % Phy DF OF
1 Jordan Nolan Peter Schaefer Brian Gionta 60 1 2 2
2 Jarret Stoll James Van Riemsdyk Matt Martin 40 1 2 2
PowerPlay Defense
Defense Defense Time % Phy DF OF
1 Matt Irwin Ryan Ellis 70 1 2 2
2 Keith Ballard John Moore 30 1 2 2
Penalty Kill 4 Players Forward
Center Wing Time % Phy DF OF
1 Brian Gionta Peter Schaefer 60 1 2 2
2 Jarret Stoll Jordan Nolan 40 1 2 2
Penalty Kill 4 Players Defense
Defense Defense Time % Phy DF OF
1 Shawn Belle Keith Ballard 60 1 2 2
2 John Moore Frederic St-Denis 40 1 2 2
Penalty Kill - 3 Players Forward
Forward Time % Phy DF OF
1 Brian Gionta 60 1 2 2
2 Peter Schaefer 40 1 2 2
Penalty Kill - 3 Players Defense
Defense Defense Time % Phy DF OF
1 Keith Ballard Matt Irwin 60 1 2 2
2 Shawn Belle John Moore 40 1 2 2
4 vs 4 Forward
Center Wing Time % Phy DF OF
1 Jarret Stoll Peter Schaefer 60 1 2 2
2 Jordan Nolan Brian Gionta 40 1 2 2
4 vs 4 Defense
Defense Defense Time % Phy DF OF
1 Keith Ballard Matt Irwin 60 1 2 2
2 Shawn Belle Frederic St-Denis 40 1 2 2
Last Minutes Offensive
Center Left Wing Right Wing Defense Defense
Jordan Nolan Peter Schaefer Brian Gionta Ryan Ellis Matt Irwin
Last Minutes Defensive
Center Left Wing Right Wing Defense Defense
Jarret Stoll Peter Schaefer Brian Gionta John Moore Matt Irwin
Goaltenders
Starting : Jonas Gustavsson
Backup : Richard Bachman
Extra Forwards
Normal : Richard Park, David Clarkson, Brock Trotter - PP : Richard Park, David Clarkson - PK : Brock Trotter
Extra Defensemen
Normal : Ryan Ellis, John Moore, Shawn Belle - PP : Dmitri Orlov - PK : Ryan Ellis, Shawn Belle
Penalty Shots
Brian Gionta, Peter Schaefer, Jarret Stoll, Jordan Nolan, Richard Park
River Rats
5 vs 5 Forward
Center Left Wing Right Wing Time % Phy DF OF
1 Tyler Bozak Brett Maclean Petr Sykora 40 1 2 2
2 Peter Mueller Chris Mcallister Steve Quailer 30 1 2 2
3 Kellan Lain Pierre-Cédric Labrie Tomas Kubalik 20 1 2 2
4 Jamie Arniel Taylor Beck J.T. Brown 10 1 2 2
5 vs 5 Defense
Defense Defense Time % Phy DF OF
1 Justin Schultz Andrej Meszaros 40 1 2 2
2 Martin Grenier Michael Del Zotto 30 1 2 2
3 Matt Jones Pavel Valentenko 20 1 2 2
4 Bryan Rodney Andrej Meszaros 10 1 2 2
PowerPlay Forward
Center Left Wing Right Wing Time % Phy DF OF
1 Tyler Bozak Brett Maclean Petr Sykora 60 1 2 2
2 Peter Mueller Chris Mcallister Steve Quailer 40 1 2 2
PowerPlay Defense
Defense Defense Time % Phy DF OF
1 Justin Schultz Michael Del Zotto 60 1 2 2
2 Andrej Meszaros Matt Jones 40 1 2 2
Penalty Kill 4 Players Forward
Center Wing Time % Phy DF OF
1 Jamie Arniel Chris Mcallister 60 1 2 2
2 Tyler Bozak Pierre-Cédric Labrie 40 1 2 2
Penalty Kill 4 Players Defense
Defense Defense Time % Phy DF OF
1 Martin Grenier Andrej Meszaros 60 1 2 2
2 Justin Schultz Matt Jones 40 1 2 2
Penalty Kill - 3 Players Forward
Forward Time % Phy DF OF
1 Pierre-Cédric Labrie 60 1 2 2
2 Jamie Arniel 40 1 2 2
Penalty Kill - 3 Players Defense
Defense Defense Time % Phy DF OF
1 Martin Grenier Andrej Meszaros 60 1 2 2
2 Justin Schultz Matt Jones 40 1 2 2
4 vs 4 Forward
Center Wing Time % Phy DF OF
1 Peter Mueller Pierre-Cédric Labrie 60 1 2 2
2 Tyler Bozak Chris Mcallister 40 1 2 2
4 vs 4 Defense
Defense Defense Time % Phy DF OF
1 Michael Del Zotto Andrej Meszaros 60 1 2 2
2 Justin Schultz Martin Grenier 40 1 2 2
Last Minutes Offensive
Center Left Wing Right Wing Defense Defense
Tyler Bozak Brett Maclean Petr Sykora Justin Schultz Andrej Meszaros
Last Minutes Defensive
Center Left Wing Right Wing Defense Defense
Tyler Bozak Chris Mcallister Petr Sykora Justin Schultz Andrej Meszaros
Goaltenders
Starting : Braden Holtby
Backup : Allen York
Extra Forwards
Normal : Pierre-Cédric Labrie, Kellan Lain, Jamie Arniel - PP : Pierre-Cédric Labrie, Kellan Lain - PK : Jamie Arniel
Extra Defensemen
Normal : Michael Del Zotto, Pavel Valentenko, Justin Schultz - PP : Michael Del Zotto - PK : Pavel Valentenko, Justin Schultz
Penalty Shots
Pierre-Cédric Labrie, Peter Mueller, Tyler Bozak, Brett Maclean, Petr Sykora
% Time on Ice - Monarchs
Lines # - Real PCT - Wanted PCT - Time Play
Normal Forward
1 - 35% - 40% - 16:45
2 - 25% - 30% - 12:06
3 - 23% - 20% - 10:59
4 - 16% - 10% - 7:38
Normal Defense
1 - 39% - 40% - 18:32
2 - 31% - 30% - 14:56
3 - 22% - 20% - 10:15
4 - 8% - 10% - 3:45
PP Forward
1 - 60% - 60% - 4:46
2 - 40% - 40% - 3:07
PP Defense
1 - 59% - 70% - 4:39
2 - 41% - 30% - 3:14
PK Forward
1 - 81% - 60% - 3:45
2 - 19% - 40% - 0:54
PK Defense
1 - 67% - 60% - 3:08
2 - 33% - 40% - 1:31
PK3 Forward
1 - 0% - 60%
2 - 0% - 40%
PK3 Defense
1 - 0% - 60%
2 - 0% - 40%
44 Forward
1 - 0% - 60%
2 - 0% - 40%
44 Defense
1 - 0% - 60%
2 - 0% - 40%
Last Minute Offensive - 0:00
Last Minute Defensive - 0:00
Total
Forward - 60:00
Defense - 60:00
|
% Time on Ice - River Rats
Lines # - Real PCT - Wanted PCT - Time Play
Normal Forward
1 - 37% - 40% - 17:34
2 - 26% - 30% - 12:30
3 - 20% - 20% - 9:42
4 - 16% - 10% - 7:42
Normal Defense
1 - 42% - 40% - 19:47
2 - 31% - 30% - 14:38
3 - 19% - 20% - 9:02
4 - 8% - 10% - 4:01
PP Forward
1 - 53% - 60% - 2:27
2 - 47% - 40% - 2:12
PP Defense
1 - 58% - 60% - 2:41
2 - 42% - 40% - 1:58
PK Forward
1 - 74% - 60% - 5:52
2 - 26% - 40% - 2:01
PK Defense
1 - 50% - 60% - 3:55
2 - 50% - 40% - 3:58
PK3 Forward
1 - 0% - 60%
2 - 0% - 40%
PK3 Defense
1 - 0% - 60%
2 - 0% - 40%
44 Forward
1 - 0% - 60%
2 - 0% - 40%
44 Defense
1 - 0% - 60%
2 - 0% - 40%
Last Minute Offensive - 0:00
Last Minute Defensive - 0:00
Total
Forward - 60:00
Defense - 60:00
|
Play by Play
1st period
0:01 of 1st period - Tyler Bozak wins face-off versus Jordan Nolan in neutral zone.
0:49 of 1st period - Slapshot by James Van Riemsdyk.
0:49 of 1st period - Goal by James Van Riemsdyk - Monarchs : 1 - River Rats : 0.
0:50 of 1st period - Pierre-Cédric Labrie wins face-off versus Cody Eakin in neutral zone.
1:17 of 1st period - Brian Gionta is hit by Petr Sykora.
1:23 of 1st period - Slapshot by Petr Sykora.
1:23 of 1st period - Shot Blocked by Shawn Belle.
3:11 of 1st period - Wrist shot by Chris Mcallister.
3:11 of 1st period - Stopped by Jonas Gustavsson with a rebound.
3:41 of 1st period - Ryan Ellis is hit by Kellan Lain.
3:51 of 1st period - Snap shot by Tomas Kubalik.
3:51 of 1st period - Shot Misses the Net.
4:42 of 1st period - Icing by John Moore.
4:43 of 1st period - Matt Martin wins face-off versus Jamie Arniel in Monarchs zone.
5:10 of 1st period - Snap shot by Petr Sykora.
5:10 of 1st period - Stopped by Jonas Gustavsson with a rebound.
5:12 of 1st period - Snap shot by Petr Sykora.
5:12 of 1st period - Shot Misses the Net.
5:14 of 1st period - Slapshot by Matt Jones.
5:14 of 1st period - Shot Blocked by Keith Ballard.
5:16 of 1st period - Snap shot by Petr Sykora.
5:16 of 1st period - Shot Blocked by Richard Park.
5:18 of 1st period - Wrist shot by Brett Maclean.
5:18 of 1st period - Stopped by Jonas Gustavsson without a rebound.
5:19 of 1st period - Jordan Nolan wins face-off versus Peter Mueller in Monarchs zone.
5:48 of 1st period - Off-side.
5:49 of 1st period - Kellan Lain wins face-off versus Richard Park in neutral zone.
5:56 of 1st period - Snap shot by Tomas Kubalik.
5:56 of 1st period - Deflect By Kellan Lain.
5:56 of 1st period - Shot Misses the Net.
5:56 of 1st period - Puck is out of play.
5:57 of 1st period - Jordan Nolan wins face-off versus Tyler Bozak in Monarchs zone.
5:57 of 1st period - Jordan Nolan is hit by Tyler Bozak.
6:45 of 1st period - Wrist shot by Pierre-Cédric Labrie.
6:45 of 1st period - Stopped by Jonas Gustavsson with a rebound.
7:05 of 1st period - Slapshot by Keith Ballard.
7:05 of 1st period - Deflect By Dwight King.
7:05 of 1st period - Shot Misses the Net.
7:05 of 1st period - Puck is out of play.
7:06 of 1st period - Matt Martin wins face-off versus Jamie Arniel in River Rats zone.
7:38 of 1st period - Wrist shot by Tyler Bozak.
7:38 of 1st period - Stopped by Jonas Gustavsson with a rebound.
7:40 of 1st period - Slapshot by Tyler Bozak.
7:40 of 1st period - Stopped by Jonas Gustavsson with a rebound.
7:42 of 1st period - Wrist shot by Petr Sykora.
7:42 of 1st period - Shot Blocked by Frederic St-Denis.
7:54 of 1st period - Andrej Meszaros is hit by Shawn Belle and loses puck.
8:05 of 1st period - Wrist shot by Richard Park.
8:05 of 1st period - Stopped by Braden Holtby with a rebound.
8:35 of 1st period - Michael Del Zotto is hit by Dwight King and loses puck.
8:42 of 1st period - Slapshot by Andrej Meszaros.
8:42 of 1st period - Stopped by Jonas Gustavsson without a rebound.
8:43 of 1st period - Brett Maclean wins face-off versus Peter Schaefer in Monarchs zone.
8:56 of 1st period - Snap shot by Tyler Bozak.
8:56 of 1st period - Stopped by Jonas Gustavsson without a rebound.
8:57 of 1st period - Jordan Nolan wins face-off versus Tyler Bozak in Monarchs zone.
9:06 of 1st period - Snap shot by Petr Sykora.
9:06 of 1st period - Stopped by Jonas Gustavsson with a rebound.
9:08 of 1st period - Wrist shot by Brett Maclean.
9:08 of 1st period - Stopped by Jonas Gustavsson without a rebound.
9:09 of 1st period - Jordan Nolan wins face-off versus Tyler Bozak in Monarchs zone.
9:14 of 1st period - Wrist shot by Tyler Bozak.
9:14 of 1st period - Shot Misses the Net.
9:36 of 1st period - Jarret Stoll is hit by Chris Mcallister and loses puck.
10:07 of 1st period - Icing by Peter Mueller.
10:08 of 1st period - Peter Mueller wins face-off versus Dana Tyrell in River Rats zone.
10:45 of 1st period - Wrist shot by Pierre-Cédric Labrie.
10:45 of 1st period - Shot Blocked by Matt Irwin.
10:57 of 1st period - Slapshot by Martin Grenier.
10:57 of 1st period - Goal by Martin Grenier - Monarchs : 1 - River Rats : 1.
10:58 of 1st period - Tyler Bozak wins face-off versus Jordan Nolan in neutral zone.
12:05 of 1st period - Andrej Meszaros is hit by Frederic St-Denis and loses puck.
12:48 of 1st period - Snap shot by Petr Sykora.
12:48 of 1st period - Shot Blocked by Brian Gionta.
13:10 of 1st period - Wrist shot by Brock Trotter.
13:10 of 1st period - Shot Blocked by Bryan Rodney.
13:12 of 1st period - Wrist shot by Brock Trotter.
13:12 of 1st period - Goal by Brock Trotter - Monarchs : 2 - River Rats : 1.
13:13 of 1st period - Jordan Nolan wins face-off versus Tyler Bozak in neutral zone.
13:22 of 1st period - Wrist shot by Peter Schaefer.
13:22 of 1st period - Shot Misses the Net.
13:24 of 1st period - Slapshot by Jordan Nolan.
13:24 of 1st period - Stopped by Braden Holtby without a rebound.
13:25 of 1st period - Tyler Bozak wins face-off versus Jordan Nolan in River Rats zone.
13:38 of 1st period - Wrist shot by Jordan Nolan.
13:38 of 1st period - Stopped by Braden Holtby with a rebound.
14:13 of 1st period - Wrist shot by Dwight King.
14:13 of 1st period - Shot Blocked by Tomas Kubalik.
15:55 of 1st period - Matt Jones is hit by Cody Eakin and loses puck.
16:02 of 1st period - Snap shot by David Clarkson.
16:02 of 1st period - Shot Misses the Net.
16:12 of 1st period - Brett Maclean is hit by James Van Riemsdyk and loses puck.
16:20 of 1st period - Off-side.
16:21 of 1st period - Peter Mueller wins face-off versus Brian Gionta in neutral zone.
16:30 of 1st period - Snap shot by Brian Gionta.
16:30 of 1st period - Stopped by Braden Holtby with a rebound.
16:32 of 1st period - Slapshot by Frederic St-Denis.
16:32 of 1st period - Deflect By Jordan Nolan.
16:32 of 1st period - Shot Misses the Net.
16:32 of 1st period - Puck is out of play.
16:33 of 1st period - Jordan Nolan wins face-off versus Peter Mueller in River Rats zone.
16:48 of 1st period - Wrist shot by Brian Gionta.
16:48 of 1st period - Stopped by Braden Holtby with a rebound.
17:08 of 1st period - Off-side.
17:09 of 1st period - Jordan Nolan wins face-off versus Tyler Bozak in neutral zone.
17:23 of 1st period - Slapshot by Brian Gionta.
17:23 of 1st period - Stopped by Braden Holtby without a rebound.
17:24 of 1st period - Jarret Stoll wins face-off versus Peter Mueller in River Rats zone.
17:27 of 1st period - Wrist shot by Richard Park.
17:27 of 1st period - Stopped by Braden Holtby with a rebound.
17:37 of 1st period - Keith Ballard is hit by Chris Mcallister and loses puck.
19:16 of 1st period - Minor Penalty to Martin Grenier for Holding.
19:17 of 1st period - Jordan Nolan wins face-off versus Jamie Arniel in River Rats zone.
19:31 of 1st period - Snap shot by Brian Gionta.
19:31 of 1st period - Shot Misses the Net.
19:33 of 1st period - Snap shot by Peter Schaefer.
19:33 of 1st period - Shot Misses the Net.
19:43 of 1st period - Chris Mcallister is hit by James Van Riemsdyk and loses puck.
19:52 of 1st period - Wrist shot by James Van Riemsdyk.
19:52 of 1st period - Shot Misses the Net.
Goals for this period are 2 for Monarchs vs 1 for River Rats.
Shots for this period are 9 for Monarchs vs 11 for River Rats.
2nd period
0:01 of 2nd period - Jamie Arniel wins face-off versus Jordan Nolan in neutral zone.
0:49 of 2nd period - Keith Ballard is hit by Justin Schultz.
1:16 of 2nd period - Penalty to Martin Grenier is over, Martin Grenier is back on ice.
1:46 of 2nd period - Snap shot by Ryan Ellis.
1:46 of 2nd period - Stopped by Braden Holtby without a rebound.
1:47 of 2nd period - Dana Tyrell wins face-off versus Kellan Lain in River Rats zone.
1:50 of 2nd period - Slapshot by Dwight King.
1:50 of 2nd period - Stopped by Braden Holtby with a rebound.
1:52 of 2nd period - Snap shot by Dana Tyrell.
1:52 of 2nd period - Shot Blocked by Pierre-Cédric Labrie.
1:54 of 2nd period - Slapshot by Keith Ballard.
1:54 of 2nd period - Stopped by Braden Holtby without a rebound.
1:55 of 2nd period - Jordan Nolan wins face-off versus Kellan Lain in River Rats zone.
2:03 of 2nd period - Minor Penalty to Kellan Lain for Cross-checking.
2:04 of 2nd period - Jordan Nolan wins face-off versus Jamie Arniel in River Rats zone.
2:06 of 2nd period - Slapshot by Brian Gionta.
2:06 of 2nd period - Goal by Brian Gionta - Monarchs : 3 - River Rats : 1.
2:07 of 2nd period - Brett Maclean wins face-off versus Jordan Nolan in neutral zone.
2:32 of 2nd period - James Van Riemsdyk is hit by Steve Quailer and loses puck.
3:03 of 2nd period - Snap shot by David Clarkson.
3:03 of 2nd period - Stopped by Braden Holtby with a rebound.
3:05 of 2nd period - Slapshot by Keith Ballard.
3:05 of 2nd period - Deflect By Matt Jones.
3:05 of 2nd period - Stopped by Braden Holtby without a rebound.
3:06 of 2nd period - Jordan Nolan wins face-off versus Tyler Bozak in River Rats zone.
3:09 of 2nd period - Slapshot by Brian Gionta.
3:09 of 2nd period - Stopped by Braden Holtby with a rebound.
3:20 of 2nd period - Off-side.
3:21 of 2nd period - Peter Mueller wins face-off versus Jarret Stoll in neutral zone.
4:13 of 2nd period - Pierre-Cédric Labrie is hit by David Clarkson and loses puck.
4:46 of 2nd period - Minor Penalty to J.T. Brown for Holding.
4:47 of 2nd period - Jordan Nolan wins face-off versus Jamie Arniel in River Rats zone.
4:48 of 2nd period - Wrist shot by Peter Schaefer.
4:48 of 2nd period - Stopped by Braden Holtby with a rebound.
4:50 of 2nd period - Slapshot by Ryan Ellis.
4:50 of 2nd period - Shot Misses the Net.
4:52 of 2nd period - Wrist shot by Jordan Nolan.
4:52 of 2nd period - Shot Misses the Net.
4:54 of 2nd period - Slapshot by Matt Irwin.
4:54 of 2nd period - Shot Misses the Net.
6:37 of 2nd period - Matt Jones is hit by Matt Martin.
6:46 of 2nd period - Penalty to J.T. Brown is over, J.T. Brown is back on ice.
6:54 of 2nd period - Keith Ballard is hit by Matt Jones and loses puck.
7:09 of 2nd period - Dana Tyrell is hit by Kellan Lain and loses puck.
7:41 of 2nd period - Michael Del Zotto is hit by Shawn Belle and loses puck.
7:54 of 2nd period - Wrist shot by Cody Eakin.
7:54 of 2nd period - Shot Misses the Net.
9:07 of 2nd period - John Moore is hit by Kellan Lain and loses puck.
11:46 of 2nd period - Snap shot by Peter Mueller.
11:46 of 2nd period - Stopped by Jonas Gustavsson with a rebound.
11:56 of 2nd period - Jamie Arniel is hit by Matt Martin and loses puck.
12:03 of 2nd period - Dwight King is hit by J.T. Brown and loses puck.
12:18 of 2nd period - John Moore is hit by Tyler Bozak and loses puck.
12:26 of 2nd period - Jordan Nolan is hit by Brett Maclean and loses puck.
12:39 of 2nd period - Cody Eakin is hit by Pierre-Cédric Labrie and loses puck.
12:47 of 2nd period - Slapshot by Kellan Lain.
12:47 of 2nd period - Stopped by Jonas Gustavsson without a rebound.
12:48 of 2nd period - Tyler Bozak wins face-off versus Jarret Stoll in Monarchs zone.
13:37 of 2nd period - Wrist shot by Tomas Kubalik.
13:37 of 2nd period - Stopped by Jonas Gustavsson without a rebound.
13:38 of 2nd period - Tyler Bozak wins face-off versus Cody Eakin in Monarchs zone.
13:41 of 2nd period - Snap shot by Brett Maclean.
13:41 of 2nd period - Shot Misses the Net.
13:43 of 2nd period - Slapshot by Michael Del Zotto.
13:43 of 2nd period - Stopped by Jonas Gustavsson without a rebound.
13:44 of 2nd period - Jordan Nolan wins face-off versus Brett Maclean in Monarchs zone.
14:31 of 2nd period - Slapshot by Matt Irwin.
14:31 of 2nd period - Deflect By Martin Grenier.
14:31 of 2nd period - Stopped by Braden Holtby with a rebound.
14:33 of 2nd period - Slapshot by John Moore.
14:33 of 2nd period - Deflect By David Clarkson.
14:33 of 2nd period - Stopped by Braden Holtby without a rebound.
14:34 of 2nd period - Cody Eakin wins face-off versus Kellan Lain in River Rats zone.
15:03 of 2nd period - Slapshot by Brock Trotter.
15:03 of 2nd period - Shot Misses the Net.
15:36 of 2nd period - Icing by Andrej Meszaros.
15:37 of 2nd period - Tyler Bozak wins face-off versus Jordan Nolan in River Rats zone.
15:50 of 2nd period - Wrist shot by Tyler Bozak.
15:50 of 2nd period - Shot Misses the Net.
15:52 of 2nd period - Backhand shot by Andrej Meszaros.
15:52 of 2nd period - Shot Misses the Net.
15:54 of 2nd period - Snap shot by Brett Maclean.
15:54 of 2nd period - Stopped by Jonas Gustavsson with a rebound.
15:58 of 2nd period - Snap shot by Petr Sykora.
15:58 of 2nd period - Stopped by Jonas Gustavsson without a rebound.
15:59 of 2nd period - Jarret Stoll wins face-off versus Peter Mueller in Monarchs zone.
15:59 of 2nd period - Jarret Stoll is hit by Martin Grenier.
16:07 of 2nd period - Snap shot by Richard Park.
16:07 of 2nd period - Shot Blocked by Martin Grenier.
16:09 of 2nd period - Wrist shot by Richard Park.
16:09 of 2nd period - Stopped by Braden Holtby with a rebound.
16:11 of 2nd period - Snap shot by Richard Park.
16:11 of 2nd period - Goal by Richard Park - Monarchs : 4 - River Rats : 1.
16:12 of 2nd period - Peter Mueller wins face-off versus Jordan Nolan in neutral zone.
16:14 of 2nd period - Minor Penalty to Martin Grenier for Hooking.
16:15 of 2nd period - Jamie Arniel wins face-off versus Jordan Nolan in River Rats zone.
16:21 of 2nd period - Slapshot by Ryan Ellis.
16:21 of 2nd period - Stopped by Braden Holtby without a rebound.
16:22 of 2nd period - Jamie Arniel wins face-off versus Jordan Nolan in River Rats zone.
16:22 of 2nd period - Jamie Arniel is hit by Ryan Ellis.
17:27 of 2nd period - Matt Jones is hit by Brian Gionta and loses puck.
17:49 of 2nd period - Wrist shot by John Moore.
17:49 of 2nd period - Stopped by Braden Holtby with a rebound.
17:53 of 2nd period - Snap shot by Brian Gionta.
17:53 of 2nd period - Goal by Brian Gionta - Monarchs : 5 - River Rats : 1.
17:53 of 2nd period - Allen York enters game.
17:54 of 2nd period - Jarret Stoll wins face-off versus Petr Sykora in neutral zone.
17:56 of 2nd period - Tyler Bozak and Frederic St-Denis fight to a draw.
17:56 of 2nd period - Penalty to Tyler Bozak for Fighting.
17:56 of 2nd period - Penalty to Frederic St-Denis for Fighting.
17:57 of 2nd period - Pierre-Cédric Labrie wins face-off versus Jordan Nolan in River Rats zone.
19:05 of 2nd period - Wrist shot by Brett Maclean.
19:05 of 2nd period - Shot Blocked by Brian Gionta.
19:07 of 2nd period - Slapshot by Michael Del Zotto.
19:07 of 2nd period - Shot Misses the Net.
19:09 of 2nd period - Slapshot by Martin Grenier.
19:09 of 2nd period - Shot Blocked by Matt Irwin.
19:11 of 2nd period - Backhand shot by Martin Grenier.
19:11 of 2nd period - Shot Blocked by Matt Irwin.
19:17 of 2nd period - Minor Penalty to John Moore for Interference.
19:18 of 2nd period - Pierre-Cédric Labrie wins face-off versus Brian Gionta in Monarchs zone.
Goals for this period are 3 for Monarchs vs 0 for River Rats.
Shots for this period are 15 for Monarchs vs 6 for River Rats.
3rd period
0:01 of 3rd period - Pierre-Cédric Labrie wins face-off versus Brian Gionta in neutral zone.
1:17 of 3rd period - Penalty to John Moore is over, John Moore is back on ice.
1:47 of 3rd period - Slapshot by Matt Irwin.
1:47 of 3rd period - Stopped by Allen York with a rebound.
1:49 of 3rd period - Wrist shot by Jarret Stoll.
1:49 of 3rd period - Shot Blocked by Pierre-Cédric Labrie.
2:02 of 3rd period - Icing by Pavel Valentenko.
2:03 of 3rd period - Peter Mueller wins face-off versus Cody Eakin in River Rats zone.
2:25 of 3rd period - Pierre-Cédric Labrie and Shawn Belle fight to a draw.
2:25 of 3rd period - Penalty to Pierre-Cédric Labrie for Fighting.
2:25 of 3rd period - Penalty to Shawn Belle for Fighting.
2:26 of 3rd period - Brian Gionta wins face-off versus Kellan Lain in Monarchs zone.
2:33 of 3rd period - Slapshot by Brett Maclean.
2:33 of 3rd period - Stopped by Jonas Gustavsson without a rebound.
2:34 of 3rd period - Jordan Nolan wins face-off versus Kellan Lain in Monarchs zone.
2:34 of 3rd period - Jordan Nolan is hit by Justin Schultz.
2:47 of 3rd period - Slapshot by Andrej Meszaros.
2:47 of 3rd period - Shot Blocked by Brian Gionta.
3:30 of 3rd period - David Clarkson is hit by Martin Grenier and loses puck.
4:00 of 3rd period - Off-side.
4:01 of 3rd period - Tyler Bozak wins face-off versus Dana Tyrell in neutral zone.
4:03 of 3rd period - Justin Schultz and Dwight King fight to a draw.
4:03 of 3rd period - Penalty to Justin Schultz for Fighting.
4:03 of 3rd period - Penalty to Dwight King for Fighting.
4:04 of 3rd period - Jordan Nolan wins face-off versus Tyler Bozak in Monarchs zone.
4:35 of 3rd period - Backhand shot by David Clarkson.
4:35 of 3rd period - Stopped by Allen York without a rebound.
4:36 of 3rd period - Peter Mueller wins face-off versus Cody Eakin in River Rats zone.
4:49 of 3rd period - Snap shot by Peter Mueller.
4:49 of 3rd period - Shot Blocked by Matt Irwin.
4:51 of 3rd period - Snap shot by Peter Mueller.
4:51 of 3rd period - Shot Misses the Net.
5:21 of 3rd period - Richard Park is hit by Tyler Bozak and loses puck.
5:30 of 3rd period - Snap shot by Brett Maclean.
5:30 of 3rd period - Stopped by Jonas Gustavsson without a rebound.
5:31 of 3rd period - Jordan Nolan wins face-off versus Peter Mueller in Monarchs zone.
5:31 of 3rd period - Jordan Nolan is hit by Martin Grenier.
6:22 of 3rd period - Keith Ballard is hit by Pavel Valentenko and loses puck.
6:44 of 3rd period - Slapshot by Matt Irwin.
6:44 of 3rd period - Stopped by Allen York without a rebound.
6:45 of 3rd period - Cody Eakin wins face-off versus Tyler Bozak in River Rats zone.
6:55 of 3rd period - Slapshot by Michael Del Zotto.
6:55 of 3rd period - Deflect By Brett Maclean.
6:55 of 3rd period - Shot Blocked by Brock Trotter.
6:55 of 3rd period - Puck is out of play.
6:56 of 3rd period - Tyler Bozak wins face-off versus Jordan Nolan in Monarchs zone.
6:59 of 3rd period - Wrist shot by Petr Sykora.
6:59 of 3rd period - Shot Blocked by Matt Irwin.
7:45 of 3rd period - Slapshot by Michael Del Zotto.
7:45 of 3rd period - Deflect By Keith Ballard.
7:45 of 3rd period - Stopped by Jonas Gustavsson without a rebound.
7:46 of 3rd period - Kellan Lain wins face-off versus Dana Tyrell in Monarchs zone.
8:20 of 3rd period - Wrist shot by Peter Schaefer.
8:20 of 3rd period - Deflect By Brian Gionta.
8:20 of 3rd period - Shot Misses the Net.
8:20 of 3rd period - Puck is out of play.
8:21 of 3rd period - Peter Mueller wins face-off versus Jarret Stoll in River Rats zone.
8:46 of 3rd period - Keith Ballard is hit by Tyler Bozak and loses puck.
8:51 of 3rd period - Wrist shot by Petr Sykora.
8:51 of 3rd period - Shot Misses the Net.
8:53 of 3rd period - Slapshot by Andrej Meszaros.
8:53 of 3rd period - Stopped by Jonas Gustavsson without a rebound.
8:54 of 3rd period - Jordan Nolan wins face-off versus Peter Mueller in Monarchs zone.
9:03 of 3rd period - Wrist shot by Peter Schaefer.
9:03 of 3rd period - Shot Misses the Net.
9:20 of 3rd period - Minor Penalty to John Moore for Hooking.
9:21 of 3rd period - Brian Gionta wins face-off versus Tyler Bozak in Monarchs zone.
9:25 of 3rd period - Slapshot by Petr Sykora.
9:25 of 3rd period - Shot Misses the Net.
9:57 of 3rd period - Snap shot by Justin Schultz.
9:57 of 3rd period - Shot Blocked by Frederic St-Denis.
9:59 of 3rd period - Snap shot by Peter Mueller.
9:59 of 3rd period - Stopped by Jonas Gustavsson with a rebound.
10:27 of 3rd period - Backhand shot by Ryan Ellis.
10:27 of 3rd period - Stopped by Allen York with a rebound.
10:29 of 3rd period - Slapshot by Ryan Ellis.
10:29 of 3rd period - Stopped by Allen York with a rebound.
10:49 of 3rd period - Snap shot by Jarret Stoll.
10:49 of 3rd period - Shot Misses the Net.
10:51 of 3rd period - Wrist shot by Jordan Nolan.
10:51 of 3rd period - Shot Blocked by Peter Mueller.
11:07 of 3rd period - Tyler Bozak is hit by Brian Gionta and loses puck.
11:20 of 3rd period - Penalty to John Moore is over, John Moore is back on ice.
11:20 of 3rd period - Jordan Nolan is hit by Petr Sykora and loses puck.
11:33 of 3rd period - Snap shot by Brock Trotter.
11:33 of 3rd period - Shot Blocked by Tomas Kubalik.
11:35 of 3rd period - Slapshot by David Clarkson.
11:35 of 3rd period - Shot Misses the Net.
11:37 of 3rd period - Backhand shot by David Clarkson.
11:37 of 3rd period - Stopped by Allen York with a rebound.
11:39 of 3rd period - Slapshot by Keith Ballard.
11:39 of 3rd period - Stopped by Allen York with a rebound.
11:41 of 3rd period - Slapshot by Shawn Belle.
11:41 of 3rd period - Shot Blocked by Kellan Lain.
11:43 of 3rd period - Snap shot by Brock Trotter.
11:43 of 3rd period - Shot Misses the Net.
12:01 of 3rd period - Snap shot by Jamie Arniel.
12:01 of 3rd period - Deflect By J.T. Brown.
12:01 of 3rd period - Goal by J.T. Brown - Monarchs : 5 - River Rats : 2.
12:02 of 3rd period - Tyler Bozak wins face-off versus Jordan Nolan in neutral zone.
12:11 of 3rd period - Minor Penalty to Pavel Valentenko for Hooking.
12:12 of 3rd period - Jordan Nolan wins face-off versus Jamie Arniel in River Rats zone.
13:28 of 3rd period - Matt Martin is hit by Martin Grenier and loses puck.
14:09 of 3rd period - Jarret Stoll is hit by Pierre-Cédric Labrie and loses puck.
14:11 of 3rd period - Penalty to Pavel Valentenko is over, Pavel Valentenko is back on ice.
14:38 of 3rd period - Wrist shot by Dana Tyrell.
14:38 of 3rd period - Shot Blocked by Pierre-Cédric Labrie.
14:40 of 3rd period - Slapshot by Richard Park.
14:40 of 3rd period - Deflect By Dwight King.
14:40 of 3rd period - Goal by Dwight King - Monarchs : 6 - River Rats : 2.
14:41 of 3rd period - Tyler Bozak wins face-off versus Jordan Nolan in neutral zone.
14:50 of 3rd period - Wrist shot by Tyler Bozak.
14:50 of 3rd period - Shot Misses the Net.
15:36 of 3rd period - Shawn Belle is hit by Pierre-Cédric Labrie and loses puck.
16:14 of 3rd period - Snap shot by Petr Sykora.
16:14 of 3rd period - Deflect By Tyler Bozak.
16:14 of 3rd period - Shot Blocked by John Moore.
16:14 of 3rd period - Puck is out of play.
16:15 of 3rd period - James Van Riemsdyk wins face-off versus Peter Mueller in Monarchs zone.
16:20 of 3rd period - Snap shot by Jarret Stoll.
16:20 of 3rd period - Stopped by Allen York with a rebound.
16:49 of 3rd period - Brian Gionta is hit by Pavel Valentenko and loses puck.
17:17 of 3rd period - Minor Penalty to Matt Jones for Tripping.
17:18 of 3rd period - Jordan Nolan wins face-off versus Jamie Arniel in River Rats zone.
17:31 of 3rd period - Wrist shot by Brian Gionta.
17:31 of 3rd period - Goal by Brian Gionta - Monarchs : 7 - River Rats : 2.
17:32 of 3rd period - Jordan Nolan wins face-off versus Tyler Bozak in neutral zone.
17:35 of 3rd period - Tyler Bozak is hit by Ryan Ellis and loses puck.
18:28 of 3rd period - Slapshot by Tyler Bozak.
18:28 of 3rd period - Stopped by Jonas Gustavsson without a rebound.
18:29 of 3rd period - Peter Mueller wins face-off versus Jarret Stoll in Monarchs zone.
18:34 of 3rd period - Snap shot by Chris Mcallister.
18:34 of 3rd period - Deflect By Richard Park.
18:34 of 3rd period - Stopped by Jonas Gustavsson with a rebound.
18:36 of 3rd period - Snap shot by Steve Quailer.
18:36 of 3rd period - Shot Blocked by Jarret Stoll.
18:38 of 3rd period - Slapshot by Michael Del Zotto.
18:38 of 3rd period - Stopped by Jonas Gustavsson with a rebound.
18:40 of 3rd period - Wrist shot by Martin Grenier.
18:40 of 3rd period - Deflect By Peter Mueller.
18:40 of 3rd period - Stopped by Jonas Gustavsson with a rebound.
18:42 of 3rd period - Wrist shot by Peter Mueller.
18:42 of 3rd period - Goal by Peter Mueller - Monarchs : 7 - River Rats : 3.
18:43 of 3rd period - Jarret Stoll wins face-off versus Peter Mueller in neutral zone.
18:48 of 3rd period - Wrist shot by Richard Park.
18:48 of 3rd period - Stopped by Allen York with a rebound.
19:08 of 3rd period - Petr Sykora is hit by Brian Gionta.
19:11 of 3rd period - Off-side.
19:12 of 3rd period - Tyler Bozak wins face-off versus Jordan Nolan in neutral zone.
19:18 of 3rd period - Minor Penalty to Peter Schaefer for Slashing.
19:19 of 3rd period - Tyler Bozak wins face-off versus Brian Gionta in Monarchs zone.
19:20 of 3rd period - Wrist shot by Brett Maclean.
19:20 of 3rd period - Shot Blocked by Shawn Belle.
19:24 of 3rd period - Snap shot by Tyler Bozak.
19:24 of 3rd period - Shot Blocked by Brock Trotter.
19:28 of 3rd period - Wrist shot by Tyler Bozak.
19:28 of 3rd period - Stopped by Jonas Gustavsson with a rebound.
Goals for this period are 2 for Monarchs vs 2 for River Rats.
Shots for this period are 11 for Monarchs vs 12 for River Rats.
Output by the SimonT Hockey Simulator (STHS) for François Prévost -- Original Page W3C XHTML 1.0 Valid